 Dungeon Crawl Stone Soup version 0.28.0 (webtiles) character file.

Game seed: 7777011118875015003

39 Arctor the Grave Robber (level 3, -1/20 HPs)
             Began as a Vampire Necromancer on Feb 17, 2022.
             Slain by a goblin (5 damage)
             ... led by Robin
             ... on level 2 of the Dungeon.
             The game lasted 00:01:38 (1825 turns).

Arctor the Grave Robber (Vampire Necromancer)       Turns: 1825, Time: 00:01:38

Health: -1/20      AC:  2    Str:  7    XL:     3   Next: 28%
Magic:  6/6        EV: 16    Int: 19    God:
Gold:   67         SH:  0    Dex: 14    Spells: 5/6 levels left

rFire   . . .      SeeInvis +   h - +2 short sword (speed)
rCold   + + .      Faith    .   (no shield)
rNeg    + + +      Spirit   .   a - +0 robe
rPois   ∞          Reflect  .   (no helmet)
rElec   .          Harm     .   (no cloak)
rCorr   .          Rampage  .   (no gloves)
Will    .....                   (no boots)
Stlth   +++.......              (no amulet)
HPRegen 0.00/turn               d - +4 ring of evasion
MPRegen 0.10/turn               (no ring)

@: confused, ambrosia-drunk, flying, bloodless, inhibited regen
A: bloodless, fangs 3, see invisible, vampiric 2
a: Bat Form, Revivify


You were on level 2 of the Dungeon.
You visited 1 branch of the dungeon, and saw 2 of its levels.

You collected 67 gold pieces.

Inventory:

Hand Weapons
 e - a +0 dagger
 h - a +2 short sword of speed (weapon)
Armour
 a - a +0 robe (worn)
Jewellery
 c - a ring of poison resistance
 d - a +4 ring of evasion (left hand)


   Skills:
 + Level 0.3 Fighting
 + Level 0.4 Short Blades
 + Level 2.4 Dodging
 + Level 3.5 Stealth
 + Level 0.4 Unarmed Combat
 + Level 2.2 Spellcasting
 + Level 5.0 Necromancy


You had 5 spell levels left.
You knew the following spells:

 Your Spells              Type           Power      Damage    Failure   Level
a - Pain                  Necr           84%        1d8       1%          1

Your spell library contained the following spells:

 Spells                   Type           Power      Damage    Failure   Level
 Animate Skeleton         Necr           42%        N/A       1%          1
 Vampiric Draining        Necr           21%        2d7       6%          3
 Animate Dead             Necr           10%        N/A       21%         4
 Agony                    Necr           21%        N/A       50%         5


Dungeon Overview and Level Annotations

Branches:
Dungeon (2/15)

Altars:

Annotations:
D:2 Natasha, Robin


Innate Abilities, Weirdness & Mutations

You do not regenerate when monsters are visible.
You are frail without blood (-20% HP).
You can heal yourself when you bite living creatures.
You are immune to poison.
You have razor-sharp teeth.
You have supernaturally acute eyesight. (SInv)
You are afflicted with vampirism and can become a bat while bloodless.


Message History

You hit the goblin.
You kill the goblin!
The goblin misses you. Robin throws the goblin at you!
Natasha drinks a potion.
Natasha's spells are empowered!
The goblin barely misses you.
You barely miss the goblin. Your bite misses the goblin.
The goblin completely misses you. The goblin closely misses you.
The goblin hits you but does no damage.
You barely miss the goblin.
Natasha mumbles some strange words.
The goblin hits you with a +0 dagger. The goblin barely misses you.
The goblin closely misses you. The goblin barely misses you.
The goblin misses you. The goblin barely misses you.
Casting: Pain (safe; 1% risk of failure)
Confirm with . or Enter, or press ? or * to list all spells.
Okay, then.
It was a potion of flight.
You feel very buoyant.
You fly up into the air.
Robin throws the goblin at you! The goblin barely misses you.
The goblin misses you. The goblin hits you but does no damage.
The goblin completely misses you.
You completely miss the goblin. You hit the goblin.
You kill the goblin!
The goblin completely misses you. The goblin hits you but does no damage.
Robin throws the goblin at you! The goblin barely misses you.
The goblin misses you.
Natasha mumbles some strange words.
The goblin barely misses you.
You barely miss the goblin. Your bite misses the goblin.
The goblin hits you with a +0 dagger. The goblin closely misses you.
The goblin hits you with a +0 dagger.
* * * LOW HITPOINT WARNING * * *
The goblin hits you with a +0 dagger.
* * * LOW HITPOINT WARNING * * *
You are confused.
You feel invigorated. The goblin hits you but does no damage.
The goblin hits you with a +0 dagger.
* * * LOW HITPOINT WARNING * * *
The goblin barely misses you. The goblin hits you with a +0 club.
You die...

#..............
########.#######
#.<............#
########.#####.#
#.# #.# #.# #.#
#.# ###)### #.#
#.5ggg# ..#
#.55g@# ..#


#gKhgg# ......gg# g.g#.....# ....#...... ... #....... .. #........ #.....## You
could see Robin, Natasha (empowered), 2 crimson imps, a white imp (summoned), a
hobgoblin (strong), 8 goblins and a kobold.

Vanquished Creatures
  A dart slug (D:1)
  4 ball pythons (D:1)
  3 endoplasms (D:1)
  7 goblins
  4 hobgoblins
  3 jackals (D:1)
  2 quokkas (D:1)
  3 bats (D:1)
  A frilled lizard (D:1)
  2 kobolds (D:1)
  2 rats (D:1)
32 creatures vanquished.

Notes
Turn   | Place    | Note
-------+----------+-------------------------------------------
     0 | D:1      | Arctor the Vampire Necromancer began the quest for the Orb.
     0 | D:1      | Reached XP level 1. HP: 13/13 MP: 3/3
   383 | D:1      | Reached XP level 2. HP: 13/15 MP: 3/5
  1187 | D:1      | Reached skill level 5 in Necromancy
  1337 | D:1      | Gained mutation: You are afflicted with vampirism and can
                  | become a bat while bloodless. [Vampire growth]
  1337 | D:1      | Reached XP level 3. HP: 14/19 MP: 6/6
  1810 | D:2      | Noticed Robin
  1811 | D:2      | Noticed Natasha
  1824 | D:2      | HP: 1/20 [goblin[Robin] (5)]
  1825 | D:2      | Slain by a goblin

Illustrated notes

Levels and vault maps discovered:
D:1:      kennysheep_arrival_seaside, layout_loops_corners
D:2:      layout_basic, minmay_stone_trees_small, corexii_corridor_pit,
          corexii_hall_statues_x, st_stairs_6, lightli_corner_chamber,
          uniq_terence, uniq_robin, uniq_natasha

Skill      XL: |  1  2 |
---------------+-------+-----
Necromancy     | 5 |  5.0
Fighting       | |  0.3
Short Blades   | |  0.4
Dodging        | |  2.4
Stealth        | |  3.5
Unarmed Combat | |  0.4
Spellcasting   | |  2.2

Action                   || total
-------------------------++-------
Melee: Unarmed           ||    23
       Bite              ||     9
       Dagger            ||    36
       Short sword       ||    25
       Punch             ||     1
 Cast: Pain              ||    21
 Abil: Exsanguinate      ||     1
  Use: Scroll            ||     2
       Potion            ||     2
 Stab: Sleeping          ||     7
Armor: Robe              ||    25
Dodge: Dodged            ||    99
